 Dungeon Crawl Stone Soup version 0.27-a0-1612-gde56a17b89 (webtiles) character file.

Game seed: 2519596816248468714

3796 flotson the Skirmisher (level 9, -6/71 HPs)
             Began as a Demonspawn Delver on July 21, 2021.
             Collided with a yak (19 damage)
             ... caused by Erica
             ... on level 8 of the Dungeon.
             The game lasted 00:13:25 (9114 turns).

flotson the Skirmisher (Demonspawn Delver)          Turns: 9114, Time: 00:13:26

Health: -6/71      AC:  8    Str: 15    XL:     9   Next: 96%
Magic:  9/9        EV: 18    Int: 11    God:
Gold:   354        SH:  4    Dex: 16    Spells: 8/8 levels left

rFire    . . .     SeeInvis .   a - +2 quarterstaff (chaos)
rCold    . . .     Faith    .   (shield currently unavailable)
rNeg     . . .     Spirit   .   F - +0 steam dragon scales
rPois    .         Reflect  .   (no helmet)
rElec    .         Harm     .   q - +1 cloak
rCorr    .         Rampage  .   (no gloves)
Will     +....                  (no boots)
Stlth    +++.......             (no amulet)
HPRegen  0.21/turn              x - +4 ring of evasion
MPRegen  0.11/turn              i - ring of willpower

@: no status effects
A: large bone plates 1, demonic guardian 1, demonic magic 2
a: no special abilities


You were on level 8 of the Dungeon.
You visited 1 branch of the dungeon, and saw 8 of its levels.
You also visited: Sewer.

You collected 354 gold pieces.

Inventory:

Hand Weapons
 a - a +2 quarterstaff of chaos (weapon)
Missiles
 m - 6 curare-tipped darts (quivered)
 z - 4 boomerangs
 E - a throwing net
 H - 6 datura-tipped darts
 I - 10 poisoned darts
 J - 2 javelins
Armour
 n - a +0 leather armour of fire resistance
 q - a +1 cloak (worn)
 F - +0 steam dragon scales (worn)
Jewellery
 i - a ring of willpower (right hand)
 k - a ring of resist corrosion
 t - a ring of flight
 x - a +4 ring of evasion (left hand)
Wands
 g - a wand of digging (2)
 j - a wand of mindburst (18)
 u - a wand of iceblast (2)
 B - a wand of polymorph (14)
Scrolls
 c - 2 scrolls of fog
 d - a scroll of magic mapping
 e - 4 scrolls of fear
 l - 4 scrolls of teleportation {unknown}
 p - 3 scrolls of identify {unknown}
 s - a scroll of acquirement {unknown}
 w - a scroll of holy word {unknown}
 A - 4 scrolls of amnesia {unknown}
 D - a scroll of noise {unknown}
 G - a scroll of enchant armour {unknown}
Potions
 b - a potion of heal wounds {unknown}
 f - 2 potions of haste
 h - a potion of curing
 o - 2 potions of degeneration {unknown}
 v - a potion of mutation {unknown}
 C - a potion of flight {unknown}


   Skills:
 + Level 6.6 Fighting
 + Level 5.7 Axes
 + Level 5.0 Throwing
 + Level 5.2 Armour
 + Level 5.6 Dodging
 - Level 4.5 Stealth
 + Level 5.6 Evocations


You had 8 spell levels left.
You didn't know any spells.
Your spell library contained the following spells:

 Spells                   Type           Power      Damage    Failure   Level
 Passwall                 Tmut/Erth      0%         N/A       47%         2
 Sublimation of Blood     Necr           0%         N/A       47%         2
 Wereblood                Tmut           0%         N/A       47%         2
 Call Canine Familiar     Summ           0%         N/A       71%         3
 Portal Projectile        Hex/Tloc       0%         N/A       71%         3
 Swiftness                Air            0%         N/A       71%         3
 Leda's Liquefaction      Hex/Erth       0%         N/A       98%         4
 Invisibility             Hex            0%         N/A       100%        6
 Summon Hydra             Summ           0%         N/A       100%        7


Dungeon Overview and Level Annotations

Branches:
Dungeon (8/15)             Temple (0/1) D:6           Sewer (visited)
   Lair: D:8-11

Altars:
Ashenzari
Hepliaklqana
Nemelex Xobeh

Shops:
D:4 =

Annotations:
D:6 1 runed translucent door, Phlounder's ghost, novice DjAE
D:8 Erica


Innate Abilities, Weirdness & Mutations

You are partially covered in large bone plates. (SH +4)
A weak demonic guardian rushes to your aid.
Spells you cast may paralyse nearby enemies.


Message History

You swap places.
The yak barely misses your white imp.
Your white imp hits the yak but does no damage.
You swap places.
The yak gores your white imp.
Your white imp hits the yak.
Your white imp freezes the yak.
The yak gores your white imp.
Your white imp gestures at the yak.
The puff of frost hits the yak.
The yak closely misses your white imp.
Your white imp hits the yak.
Your white imp freezes the yak.
Your white imp disappears in a puff of smoke!
Your shadow imp barely misses the yak.
The yak gores your shadow imp!!
Your shadow imp dies!
You barely miss the yak.
The yak is almost dead.
You block the yak's attack.
You completely miss the yak.
The yak is almost dead.
The yak closely misses you. The yak completely misses you.
You closely miss the yak.
The yak is almost dead.
The yak gores you!!
* * * LOW HITPOINT WARNING * * *
You thump the yak!
You kill the yak!
You see here 22 stones.
Erica appears from thin air!
Reactivating autopickup.
Erica gestures wildly while chanting.
Erica flickers and vanishes!
Deactivating autopickup; reactivate with Ctrl-A.
The yak gores you!
* * * LOW HITPOINT WARNING * * *
A demonic guardian appears!
You hear some strange, mumbled words.
A lance of force appears from out of thin air!
The lance of force misses your quasit.
The lance of force hits the yak!!
The yak is knocked back by the lance of force.
The yak collides with you!
You die...

#.# #.# #.# #.# #.# #.# #.#
#############################.#
.............5.Y@.....).......#
###############################


You could see a yak (ally target) and a friendly quasit (summoned).

Vanquished Creatures
  Joseph (D:7)
  Prince Ribbit (D:5)
  3 yaks (D:8)
  Eustachio (D:5)
  2 steam dragons
  Menkaure (D:5)
  2 water moccasins
  A sky beast (D:7)
  2 orc warriors
  Duvessa (D:5)
  A black bear (D:4)
  An ogre (D:6)
  A centaur (D:8)
  A phantom (D:6)
  2 bullfrogs
  5 scorpions
  A wyvern skeleton (D:7)
  Dowan (D:5)
  A jelly (D:5)
  A gnoll shaman (D:6)
  Crazy Yiuf (D:4)
  2 hounds
  2 orc priests
  Ijyb (D:4)
  A bullfrog skeleton (D:5)
  5 iguanas
  3 orc wizards
  A hound skeleton (D:4)
  2 howler monkey skeletons
  4 gnolls
  10 adders
  2 river rats (D:6)
  2 white imps
  An adder skeleton (D:4)
  3 worms
  3 dart slugs
  13 orcs
  10 endoplasms
  10 giant cockroaches
  7 goblins
  7 hobgoblins
  15 quokkas
  12 ball pythons
  4 bats
  12 frilled lizards
  4 kobolds
  A quokka skeleton (D:4)
  6 rats
174 creatures vanquished.

Vanquished Creatures (collateral kills)
  A sky beast (D:5)
  A bullfrog (Sewer)
  A giant cockroach (Sewer)
  2 quokkas (Sewer)
5 creatures vanquished.

Grand Total: 179 creatures vanquished

Notes
Turn   | Place    | Note
-------+----------+-------------------------------------------
     0 | D:5      | flotson the Demonspawn Delver began the quest for the Orb.
     0 | D:5      | Reached XP level 1. HP: 18/18 MP: 1/1
   207 | D:4      | Noticed an iguana
   501 | D:3      | Gained mutation: Spells you cast may paralyse adjacent
                  | enemies. [demonic ancestry]
   501 | D:3      | Reached XP level 2. HP: 17/24 MP: 2/2
   947 | D:1      | Reached XP level 3. HP: 29/29 MP: 3/3
  1149 | D:1      | Found a faded altar of an unknown god.
  1434 | D:1      | Reached skill level 1 in Armour
  2232 | D:2      | Reached XP level 4. HP: 14/32 MP: 4/4
  2427 | D:2      | Reached skill level 1 in Evocations
  2808 | D:2      | Reached skill level 1 in Throwing
  3662 | D:4      | Noticed Ijyb
  3671 | D:4      | Gained mutation: A weak demonic guardian rushes to your
                  | aid. [demonic ancestry]
  3671 | D:4      | Reached XP level 5. HP: 21/41 MP: 5/5
  3682 | D:4      | Killed Ijyb
  3901 | D:4      | Found a broken altar of Ashenzari.
  4005 | D:4      | Found a runed translucent door.
  4006 | D:4      | Noticed Crazy Yiuf
  4221 | D:4      | Found Ipuarol's Jewellery Emporium.
  4276 | D:4      | Reached XP level 6. HP: 44/48 MP: 6/6
  4463 | D:4      | Reached skill level 4 in Fighting
  4703 | D:4      | Killed Crazy Yiuf
  5044 | D:5      | Noticed Prince Ribbit
  5055 | D:5      | Killed Prince Ribbit
  5056 | D:5      | Gained mutation: You are partially covered in large bone
                  | plates. (SH +4) [demonic ancestry]
  5056 | D:5      | Reached XP level 7. HP: 55/55 MP: 7/7
  5184 | D:5      | Noticed Dowan
  5185 | D:5      | Noticed Duvessa
  5202 | D:5      | Killed Duvessa
  5205 | D:5      | Killed Dowan
  5249 | D:5      | Noticed Menkaure
  5259 | D:5      | Killed Menkaure
  5260 | D:5      | Gained mutation: Spells you cast may paralyse nearby
                  | enemies. [demonic ancestry]
  5260 | D:5      | Reached XP level 8. HP: 27/61 MP: 8/8
  5547 | D:5      | Noticed Eustachio
  5565 | D:5      | Killed Eustachio
  5566 | D:5      | Reached skill level 5 in Fighting
  5908 | D:5      | Found a sparkling altar of Nemelex Xobeh.
  6060 | D:6      | Found a runed translucent door.
  6066 | D:6      | Noticed Phlounder's ghost (novice DjAE)
  6097 | D:6      | Found a glowing drain.
  6101 | Sewer    | Entered a sewer
  7098 | D:6      | Reached XP level 9. HP: 24/69 MP: 9/9
  7555 | D:6      | Found a staircase to the Ecumenical Temple.
  8034 | D:7      | Noticed Joseph
  8111 | D:7      | Killed Joseph
  8112 | D:7      | Reached skill level 6 in Fighting
  8112 | D:7      | Reached skill level 5 in Axes
  8112 | D:7      | Reached skill level 5 in Dodging
  8112 | D:7      | Reached skill level 5 in Evocations
  8915 | D:7      | Reached skill level 5 in Armour
  8930 | D:7      | Found a hazy altar of Hepliaklqana.
  9053 | D:8      | Noticed Erica
  9069 | D:8      | Reached skill level 5 in Throwing
  9114 | D:8      | Collided with a yak

Illustrated notes

Levels and vault maps discovered:
D:1:      shiori_arrival_maze, layout_basic, basic_ecumenical_altar
D:2:      layout_basic
D:3:      layout_loops_cross
D:4:      layout_basic, nicolae_ashenzari_panopticon, serial_shops, shop_statue,
          uniq_crazy_yiuf_cottage, uniq_ijyb
D:5:      layout_rooms, nemelex_altar_shiori, kennysheep_generic_room_15,
          uniq_duvessa, uniq_menkaure, uniq_eustachio, uniq_prince_ribbit1
D:6:      layout_rooms, minmay_temple_entry_wispy, ebering_ghost_sewer_d,
          gup_sewer_entry_spiral, nrook_campfire, hex_medium
D:7:      layout_rooms, mainiacjoe_overflow_alcove_2, minmay_misc_feat_pillars,
          uniq_joseph
D:8:      layout_basic, david_lair_generic, uniq_erica

Skill      XL: |  1  2  3  4  5  6  7  8  9 |
---------------+----------------------------+-----
Axes           | 2 3 4 5 |  5.7
Dodging        | 2 3 4 5 |  5.6
Armour         | 1 2 3 4 5 |  5.2
Evocations     | 1 2 3 4 5 |  5.6
Throwing       | 1 2 3 4 5 |  5.0
Fighting       | 4 5 6 |  6.6
Stealth        | |  4.5

Action                   |  1- 3 |  4- 6 |  7- 9 || total
-------------------------+-------+-------+-------++-------
Melee: Hand axe          |    69 |       |       ||    69
       Dagger            |    50 |   134 |       ||   184
       Quarterstaff      |       |    18 |   344 ||   362
Throw: Dart              |     2 |     7 |    14 ||    23
Evoke: Wand              |       |       |    13 ||    13
  Use: Scroll            |       |       |     1 ||     1
       Potion            |       |       |     1 ||     1
 Stab: Sleeping          |     7 |     6 |     5 ||    18
       Petrified         |       |       |     4 ||     4
Armor: Leather armour    |    31 |    21 |       ||    52
       Ring mail         |       |    38 |    84 ||   122
       Steam dragon scal |       |       |    24 ||    24
Dodge: Dodged            |    56 |    95 |   332 ||   483
Block: Other             |       |       |    86 ||    86

Table legend: (Time is in decaauts)
 A = Elapsed time spent in this place.
 B = Non-inter-level travel time spent in this place.
 C = Inter-level travel time spent in this place.
 D = Time resting spent in this place.
 E = Time spent auto-exploring this place.
 F = Levels seen in this place.
 G = Mean time per level.
                   A        B        C        D        E       F      G
               +--------+--------+--------+--------+--------+-----+--------+
         Total |   9324 |   9129 |    195 |    382 |   6956 |   9 | 1036.0 |
       Dungeon |   8429 |   8234 |    195 |    382 |   6373 |   8 | 1053.6 |
         Sewer |    894 |    894 |      0 |      0 |    583 |   1 |  894.0 |
               +--------+--------+--------+--------+--------+-----+--------+

Top non-repeatable levels by time:
     D:4: 1579 daAuts
     D:6: 1350 daAuts
     D:2: 1321 daAuts
     D:5: 1102 daAuts
     D:3: 1085 daAuts
     D:1: 954 daAuts
     D:7: 894 daAuts
   Sewer: 894 daAuts
     D:8: 141 daAuts
